 Dungeon Crawl Stone Soup version 0.20.0-10-g0535bb4 (webtiles) character file.

37283 Laraso the Brawler (level 13, 0/123 HPs)
             Began as a Troll Hunter on June 5, 2017.
             Was the Champion of Okawaru.
             Slain by a seven-headed hydra (10 damage)
             ... on level 5 of the Lair of Beasts.
             The game lasted 00:26:14 (15588 turns).

Laraso the Brawler (Troll Hunter)                  Turns: 15588, Time: 00:26:14

Health: 0/123      AC: 15    Str: 25    XL:     13   Next: 57%
Magic:  18/18      EV: 21    Int:  7    God:    Okawaru [******]
Gold:   956        SH:  0    Dex: 19    Spells: 2/12 levels left

rFire    + . .     SeeInvis .     - Unarmed
rCold    . . .     Gourm    +   (no shield)
rNeg     . . .     Faith    .   M - +0 swamp dragon scales
rPois    +         Spirit   .   g - +2 hat
rElec    .         Reflect  .   A - +1 cloak
rCorr    .         Harm     .   (gloves unavailable)
MR       .....                  (boots unavailable)
Stlth    +++.......             t - amulet of magic regeneration
Regen    0.7/turn               l - ring of protection from fire
MPRegen  0.3/turn               q - +5 ring of dexterity

@: heroism
A: unfitting armour, claws 3, horns 2, fast metabolism 3, gourmand, regeneration
1, shaggy fur 1, strong 1, tough skin 2, evolution 1
a: Heroism, Finesse, Renounce Religion


You were on level 5 of the Lair of Beasts.
You worshipped Okawaru.
Okawaru was exalted by your worship.
You were very full.

You visited 2 branches of the dungeon, and saw 16 of its levels.

You collected 956 gold pieces.

Inventory:

Missiles
 c - 7 large rocks (quivered)
 d - 2 throwing nets
Armour
 g - a +2 hat (worn)
 A - a +1 cloak (worn)
 M - +0 swamp dragon scales (worn)
Jewellery
 l - a ring of protection from fire (left claw)
 q - a +5 ring of dexterity (right claw)
 t - an amulet of magic regeneration (around neck)
 z - an uncursed ring of positive energy
Wands
 k - a wand of disintegration (3/24)
 p - a wand of confusion (48/48)
 y - a wand of acid (2/15)
 B - a wand of scattershot (7/9)
 F - a wand of iceblast (9/15)
 K - a wand of flame (26/48)
Scrolls
 e - 9 scrolls of teleportation
 i - 7 scrolls of remove curse
 x - a scroll of blinking
 C - 3 scrolls of recharging
 E - 4 scrolls of fog
 H - 4 scrolls of identify
Potions
 a - 4 potions of haste
 h - a potion of resistance
 m - 3 potions of heal wounds
 n - a potion of berserk rage
 r - 2 potions of brilliance
 s - 3 potions of ambrosia
 v - a potion of invisibility
 w - a potion of lignification
 D - 3 potions of flight
 G - 6 potions of curing
 J - a potion of agility
Miscellaneous
 L - a lamp of fire
Comestibles
 f - 8 bread rations
 j - 12 fruits
 o - 12 royal jellies
 u - 5 meat rations


   Skills:
 * Level 6.8(11.8) Fighting
   Level 0.0(5.0) Short Blades
 - Level 3.6(8.6) Throwing
 - Level 11.1(16.1) Dodging
 - Level 0.3(5.3) Stealth
 - Level 15.2(20.2) Unarmed Combat
 - Level 8.1 Invocations


You had 2 spell levels left.
You knew the following spells:

 Your Spells              Type           Power        Failure   Level  Hunger
a - Swiftness             Chrm/Air       #.......     71%         2    ###....
b - Beastly Appendage     Tmut           #.....       56%         1    ##.....
c - Ozocubu's Armour      Chrm/Ice       #.......     90%         3    ####...
d - Blink                 Tloc           N/A          71%         2    ###....
e - Shroud of Golubria    Chrm/Tloc      #.........   71%         2    ###....


Dungeon Overview and Level Annotations

Branches:
Dungeon (11/15)            Temple (0/1) D:5            Lair (5/6) D:10
 Shoals (0/4) Lair:3       Spider (0/4) Lair:4          Orc (0/2) D:11
  Slime: Lair:5-6

Altars:
Fedhas
Gozag
Hepliaklqana
Makhleb
Okawaru
Ru
Trog
Vehumet
Xom
Yredelemnul

Shops:
D:3 *


Innate Abilities, Weirdness & Mutations

You are too large for most types of armour.
You have claws for hands.
Your metabolism is lightning-fast.
You like to eat raw meat.
Your natural rate of healing is unusually fast.
You are covered in fur. (AC +1)
You have very tough skin. (AC +2)
You have a pair of horns on your head.
Your muscles are strong. (Str +2)
You evolve.


Message History

The seven-headed hydra misses you.
The seven-headed hydra bites you but does no damage.
The seven-headed hydra misses you. The seven-headed hydra bites you!
The seven-headed hydra bites you but does no damage. x2
The seven-headed hydra completely misses you.
Throwing (i - inventory. (,) - cycle):
c - 10 large rocks (quivered)
Press: ? - help, Shift-Dir - straight line, f/p - seven-headed hydra
Aim: a seven-headed hydra (severely wounded)
You throw a large rock.
The large rock hits the seven-headed hydra.
The seven-headed hydra is almost dead.
The seven-headed hydra bites you but does no damage.
The seven-headed hydra bites you.
The seven-headed hydra completely misses you.
The seven-headed hydra closely misses you. x2
The seven-headed hydra completely misses you.
The seven-headed hydra bites you!
Throwing (i - inventory. (,) - cycle):
c - 9 large rocks (quivered)
Press: ? - help, Shift-Dir - straight line, f/p - seven-headed hydra
Aim: a seven-headed hydra (almost dead)
You throw a large rock.
The large rock hits the seven-headed hydra but does no damage.
The seven-headed hydra is almost dead.
The seven-headed hydra bites you but does no damage.
The seven-headed hydra bites you. The seven-headed hydra bites you!
The seven-headed hydra barely misses you.
The seven-headed hydra bites you!
* * * LOW HITPOINT WARNING * * *
The seven-headed hydra barely misses you.
The seven-headed hydra bites you.
* * * LOW HITPOINT WARNING * * *
The seven-headed hydra misses you. x2; The seven-headed hydra bites you.
* * * LOW HITPOINT WARNING * * *
The seven-headed hydra bites you.
* * * LOW HITPOINT WARNING * * *
The seven-headed hydra misses you.
The seven-headed hydra completely misses you.
The seven-headed hydra misses you.
Unknown command.
Throwing (i - inventory. (,) - cycle):
c - 8 large rocks (quivered)
Press: ? - help, Shift-Dir - straight line, f/p - seven-headed hydra
Aim: a seven-headed hydra (severely wounded)
You throw a large rock.
The large rock hits the seven-headed hydra.
The seven-headed hydra is almost dead.
The seven-headed hydra bites you!
* * * LOW HITPOINT WARNING * * *
The seven-headed hydra bites you!
* * * LOW HITPOINT WARNING * * *
The seven-headed hydra bites you!
* * * LOW HITPOINT WARNING * * *
The seven-headed hydra bites you but does no damage.
The seven-headed hydra closely misses you.
The seven-headed hydra misses you. The seven-headed hydra bites you.
* * * LOW HITPOINT WARNING * * *
The seven-headed hydra bites you!
* * * LOW HITPOINT WARNING * * *
The seven-headed hydra barely misses you.
The seven-headed hydra misses you. The seven-headed hydra bites you!
You die...

......## # P......#.
#.#####....... .P.
..#........ ....
...P....## ##....
+.......#.# #....#
#P........ #...[# ###
##@D((.(..
##...###.###.........
#....................
#....................
#....................
##....#.....#......#.
#...#.##.#P#.....###
##...####.####....#
#.#...###.. #.....


You could see a seven-headed hydra.

Vanquished Creatures
  Rupert (Lair:4)
  Kirke (Lair:4)
  4 hydras
  The ghost of TwoGrow the Cleaver, a journeyman TeAr of Trog (D:9)
  A two-headed ogre (D:11)
  4 death yaks (Lair:4)
  2 swamp dragons (Lair:4)
  An unseen horror (D:11)
  Pikel (D:5)
  A manticore (D:6)
  An ugly thing (D:11)
  2 cyclopes (D:11)
  2 merfolk sirens (Lair:3)
  4 black mambas
  A spiny frog (Lair:1)
  A rime drake (Lair:2)
  4 komodo dragons
  A queen bee (D:9)
  2 merfolk (Lair:3)
  A jumping spider (Lair:4)
  A troll (D:10)
  15 blink frogs
  A polar bear (Lair:3)
  7 slime creatures
  6 hippogriffs
  A redback (Lair:4)
  20 yaks
  Eustachio (D:5)
  2 wyverns
  2 basilisks
  A hog (Lair:4)
  A vampire mosquito (Lair:4)
  Edmund (D:4)
  3 swamp worms (Lair:4)
  A soldier ant (D:11)
  16 water moccasins
  6 porcupines
  5 orc warriors
  An ice beast (D:8)
  A slave (D:5)
  5 black bears
  A phantom (D:4)
  4 sky beasts
  4 ogres
  A centaur (D:5)
  6 crocodiles
  3 big kobolds
  A wyvern zombie (D:6)
  14 bullfrogs
  5 scorpions
  3 wights (D:8)
  19 killer bees
  4 howler monkeys
  4 centaur zombies
  A crimson imp (D:11)
  A bullfrog zombie (D:11)
  3 hounds
  A gnoll shaman (D:6)
  2 bullfrog skeletons
  5 orc priests
  4 jellies
  7 orc wizards
  Crazy Yiuf (D:5)
  4 iguanas
  Jessica (D:3)
  Ijyb (D:5)
  9 worker ants
  2 hound zombies
  A hound skeleton (D:4)
  A mummy (D:4)
  A worker ant zombie (D:11)
  8 gnolls
  A howler monkey skeleton (D:10)
  12 adders
  5 shadow imps
  2 oozes (D:4)
  An adder zombie (D:5)
  5 worms
  2 dart slugs
  4 leopard geckos
  30 orcs
  7 bats
  3 giant cockroaches
  A goblin (D:2)
  6 hobgoblins
  6 jackals
  18 kobolds
  5 quokkas
  3 frilled lizards
  A hobgoblin zombie (D:4)
  A kobold zombie (D:4)
  2 orc zombies (D:4)
  12 rats
  2 fungi (D:10)
  2 plants (D:10)
386 creatures vanquished.

Vanquished Creatures (others)
  A blink frog (Lair:4)
  2 humans (Lair:4)
  Sigmund (D:5)
  A kobold (D:3)
  A rat (D:3)
  5 fungi
11 creatures vanquished.

Grand Total: 397 creatures vanquished

Notes
Turn   | Place    | Note
-------+----------+-------------------------------------------
     0 | D:1      | Laraso the Troll Hunter began the quest for the Orb.
     0 | D:1      | Reached XP level 1. HP: 19/19 MP: 0/0
    92 | D:1      | Reached skill level 1 in Unarmed Combat
   371 | D:1      | Reached XP level 2. HP: 27/27 MP: 1/1
   479 | D:1      | Reached skill level 2 in Unarmed Combat
   830 | D:2      | HP: 10/27 [adder (5)]
   836 | D:2      | Reached XP level 3. HP: 15/33 MP: 2/2
   852 | D:2      | HP: 13/33 [adder (4)]
   854 | D:2      | HP: 6/33 [adder (3)]
   855 | D:2      | Reached skill level 3 in Unarmed Combat
   859 | D:2      | HP: 5/33 [poisoned by an adder]
   865 | D:2      | HP: 4/33 [poisoned by an adder]
   870 | D:2      | HP: 5/33 [poisoned by an adder]
   877 | D:2      | HP: 6/33 [poisoned by an adder]
   885 | D:2      | HP: 8/33 [poisoned by an adder]
  1432 | D:2      | Reached XP level 4. HP: 39/41 MP: 3/3
  1453 | D:2      | Found a shimmering altar of Xom.
  1569 | D:2      | HP: 16/41 [poisoned by an adder]
  1574 | D:2      | Reached skill level 4 in Unarmed Combat
  1574 | D:2      | HP: 9/41 [poisoned by an adder]
  1580 | D:2      | HP: 7/41 [poisoned by an adder]
  1585 | D:2      | HP: 7/41 [poisoned by an adder]
  1590 | D:2      | HP: 7/41 [poisoned by an adder]
  1597 | D:2      | HP: 9/41 [poisoned by an adder]
  1605 | D:2      | HP: 11/41 [poisoned by an adder]
  1671 | D:3      | HP: 14/41 [orc/tomahawk (6)]
  1676 | D:3      | HP: 8/41 [orc (3)]
  1747 | D:3      | Found a burning altar of Makhleb.
  1840 | D:3      | Reached XP level 5. HP: 48/48 MP: 4/4
  1939 | D:3      | Reached skill level 5 in Unarmed Combat
  2114 | D:3      | Found Gozag's Platinum Reserve.
  2114 | D:3      | Found an opulent altar of Gozag.
  2120 | D:3      | Noticed Jessica
  2127 | D:3      | Killed Jessica
  2158 | D:3      | Found a radiant altar of Vehumet.
  2213 | D:3      | Gained mutation: You have a pair of small horns on your head. [potion of mutation]
  2213 | D:3      | Gained mutation: You evolve. [potion of mutation]
  2213 | D:3      | Gained mutation: Your muscles are strong. (Str +2) [potion of mutation]
  2400 | D:3      | Gained mutation: You have a pair of horns on your head. [evolution]
  2466 | D:4      | Reached XP level 6. HP: 51/55 MP: 5/5
  2496 | D:4      | Reached skill level 6 in Unarmed Combat
  2552 | D:4      | Found an iron altar of Okawaru.
  2559 | D:4      | Reached skill level 7 in Unarmed Combat
  2570 | D:4      | Became a worshipper of Warmaster Okawaru
  2616 | D:4      | Found a sacrificial altar of Ru.
  2685 | D:4      | Reached XP level 7. HP: 58/62 MP: 6/6
  2770 | D:4      | Noticed Edmund
  2780 | D:4      | Killed Edmund
  3012 | D:5      | Entered Level 5 of the Dungeon
  3023 | D:5      | Noticed Ijyb
  3042 | D:5      | Killed Ijyb
  3042 | D:5      | Reached skill level 8 in Unarmed Combat
  3115 | D:5      | Reached * piety under Okawaru
  3178 | D:5      | Found a staircase to the Ecumenical Temple.
  3255 | D:5      | Reached skill level 9 in Unarmed Combat
  3317 | D:5      | Noticed Eustachio
  3322 | D:5      | Reached XP level 8. HP: 53/70 MP: 7/7
  3326 | D:5      | Killed Eustachio
  3327 | D:5      | Found a bloodstained altar of Trog.
  3401 | D:5      | Learned a level 2 spell: Swiftness
  3573 | D:5      | Gained mutation: You are partially covered in large bone plates. (SH +4) [evolution]
  3680 | D:5      | Noticed Pikel
  3688 | D:5      | Noticed Sigmund
  3692 | D:5      | Killed Pikel
  3692 | D:5      | Reached ** piety under Okawaru
  3692 | D:5      | Reached skill level 11 in Unarmed Combat
  3697 | D:5      | Killed Sigmund
  3907 | D:5      | Found a runed door.
  3979 | D:5      | Noticed Crazy Yiuf
  3980 | D:5      | Killed Crazy Yiuf
  4222 | D:6      | Found a hazy altar of Hepliaklqana.
  4241 | D:6      | Noticed a manticore
  4246 | D:6      | Killed a manticore
  4246 | D:6      | Reached XP level 9. HP: 56/76 MP: 5/8
  4349 | D:6      | Found a blossoming altar of Fedhas.
  4899 | D:6      | Reached skill level 12 in Unarmed Combat
  5630 | D:7      | Reached *** piety under Okawaru
  5768 | D:7      | Found a basalt altar of Yredelemnul.
  6011 | D:8      | Reached skill level 13 in Unarmed Combat
  6179 | D:8      | Found an opulent altar of Gozag.
  6658 | D:9      | Noticed TwoGrow's ghost (journeyman TeAr)
  6668 | D:9      | Killed TwoGrow's ghost
  6668 | D:9      | Reached **** piety under Okawaru
  6668 | D:9      | Received a gift from Okawaru
  6668 | D:9      | Reached skill level 14 in Unarmed Combat
  6668 | D:9      | Reached XP level 10. HP: 79/85 MP: 6/9
  6716 | D:9      | Gained mutation: You have sharp toenails. [evolution]
  6935 | D:9      | HP: 48/127 [orc warrior/trident (15)]
  6940 | D:9      | HP: 44/127 [poisoned by a killer bee]
  6945 | D:9      | HP: 45/127 [poisoned by a killer bee]
  6952 | D:9      | HP: 32/85 [poisoned by a killer bee]
  7730 | D:10     | Entered Level 10 of the Dungeon
  7741 | D:10     | Found a staircase to the Lair.
  7746 | D:10     | Reached ***** piety under Okawaru
  7746 | D:10     | Reached skill level 15 in Unarmed Combat
  7856 | D:10     | Reached skill level 1 in Invocations
  7866 | D:10     | Reached skill level 2 in Invocations
  8007 | D:10     | Reached skill level 3 in Invocations
  8252 | D:10     | Reached skill level 4 in Invocations
  8361 | D:10     | Reached XP level 11. HP: 92/92 MP: 13/13
  8625 | D:11     | Reached skill level 5 in Invocations
  8710 | D:11     | Noticed a brown ugly thing
  8721 | D:11     | Killed a brown ugly thing
  8721 | D:11     | Received a gift from Okawaru
  8898 | D:11     | Noticed a two-headed ogre
  8910 | D:11     | Killed a two-headed ogre
  8910 | D:11     | Reached skill level 6 in Invocations
  8922 | D:11     | Reached ****** piety under Okawaru
  8926 | D:11     | Received a gift from Okawaru
  8926 | D:11     | Reached skill level 7 in Invocations
  9132 | D:6      | Lost mutation: You are partially covered in large bone plates. (SH +4) [evolution]
  9475 | D:11     | Found a staircase to the Orcish Mines.
  9719 | D:11     | HP: 32/92 [cyclops (27)]
  9739 | D:11     | HP: 27/92 [orc warrior/tomahawk of dispersal (17)]
  9896 | D:11     | Noticed a seven-headed hydra
  9909 | D:11     | Reached skill level 8 in Invocations
 10118 | D:11     | Reached skill level 2 in Dodging
 10126 | D:11     | HP: 36/92 [something (4)]
 10335 | D:11     | Killed an unseen horror
 10335 | D:11     | Reached skill level 3 in Dodging
 10687 | D:11     | HP: 26/92 [nine-headed hydra (13)]
 10687 | D:11     | HP: 11/92 [nine-headed hydra (11)]
 10688 | D:11     | Killed a nine-headed hydra
 10688 | D:11     | Reached skill level 4 in Dodging
 10946 | D:11     | Learned a level 1 spell: Beastly Appendage
 11019 | Lair:1   | Entered Level 1 of the Lair of Beasts
 11091 | Lair:1   | Reached skill level 5 in Dodging
 11091 | Lair:1   | HP: 36/92 [poisoned by a spiny frog]
 11096 | Lair:1   | HP: 32/92 [poisoned by a spiny frog]
 11101 | Lair:1   | HP: 29/92 [poisoned by a spiny frog]
 11107 | Lair:1   | HP: 28/92 [poisoned by a spiny frog]
 11113 | Lair:1   | HP: 28/92 [poisoned by a spiny frog]
 11120 | D:10     | HP: 30/92 [poisoned by a spiny frog]
 11128 | D:10     | HP: 33/92 [poisoned by a spiny frog]
 11142 | D:10     | Received a gift from Okawaru
 11308 | Lair:1   | Reached skill level 6 in Dodging
 11311 | Lair:1   | Reached XP level 12. HP: 50/100 MP: 17/17
 11559 | Lair:1   | Learned a level 3 spell: Ozocubu's Armour
 11963 | Lair:2   | Reached skill level 7 in Dodging
 12217 | Lair:2   | Reached skill level 8 in Dodging
 12479 | Lair:2   | Received a gift from Okawaru
 12790 | Lair:3   | Noticed an eight-headed hydra
 12890 | Lair:3   | Found a staircase to the Shoals.
 12966 | Lair:3   | Killed an eight-headed hydra
 12966 | Lair:3   | Reached skill level 9 in Dodging
 13025 | Lair:3   | Learned a level 2 spell: Blink
 13555 | Lair:4   | Noticed Kirke
 13566 | Lair:4   | Reached skill level 10 in Dodging
 13582 | Lair:4   | Killed Kirke
 13663 | Lair:4   | Reached XP level 13. HP: 106/106 MP: 18/18
 13702 | Lair:4   | Learned a level 2 spell: Shroud of Golubria
 14320 | Lair:4   | HP: 41/106 [five-headed hydra (9)]
 14321 | Lair:4   | Reached skill level 11 in Dodging
 14470 | Lair:4   | Lost mutation: You have sharp toenails. [evolution]
 14485 | Lair:4   | Reached skill level 2 in Fighting
 14495 | Lair:4   | Received a gift from Okawaru
 14500 | Lair:4   | Reached skill level 3 in Fighting
 14504 | Lair:4   | HP: 41/113 [death yak (25)]
 14662 | Lair:4   | Reached skill level 4 in Fighting
 14738 | Lair:4   | Noticed Rupert
 14738 | Lair:4   | Paralysed by Rupert for 2 turns
 14745 | Lair:4   | Killed Rupert
 14745 | Lair:4   | Reached skill level 5 in Fighting
 14839 | Lair:4   | Found a hole to the Spider Nest.
 15085 | Lair:4   | Reached skill level 6 in Fighting
 15168 | Lair:4   | Received a gift from Okawaru
 15285 | Lair:4   | HP: 41/122 [swamp dragon (8)]
 15293 | Lair:4   | HP: 28/123 [swamp dragon (4)]
 15299 | Lair:4   | HP: 30/123 [poisoned by a swamp dragon (blast of poison)]
 15307 | Lair:4   | HP: 34/123 [poisoned by a swamp dragon (blast of poison)]
 15588 | Lair:5   | HP: 48/123 [seven-headed hydra (7)]
 15588 | Lair:5   | HP: 23/123 [seven-headed hydra (5)]
 15588 | Lair:5   | HP: 10/123 [seven-headed hydra (13)]
 15588 | Lair:5   | Slain by a seven-headed hydra

Skill      XL: |  1  2  3  4  5  6  7  8  9 10 11 12 13 |
---------------+----------------------------------------+-----
Unarmed Combat | 1 2 3 4 5 7 9 11 14 15 | 15.2
Invocations    | 4 8 |  8.1
Dodging        | 6 10 11 | 11.1
Fighting       | 6 |  6.8
Throwing       | |  3.6
Stealth        | |  0.3

Action                   |  1- 3 |  4- 6 |  7- 9 | 10-12 | 13-15 || total
-------------------------+-------+-------+-------+-------+-------++-------
Melee: Unarmed           |   108 |   118 |   195 |   503 |   121 ||  1045
       Punch             |       |     5 |     9 |    47 |     9 ||    70
       Headbutt          |       |     6 |    36 |   113 |    39 ||   194
       Kick              |       |       |       |   162 |    11 ||   173
Throw: Large rock        |       |     2 |     5 |    25 |    22 ||    54
Invok: Heroism           |       |       |     4 |    16 |     6 ||    26
       Finesse           |       |       |       |     1 |     1 ||     2
Evoke: Wand              |       |       |       |     2 |       ||     2
  Use: Scroll            |     6 |     3 |    11 |     8 |       ||    28
       Potion            |       |     7 |       |     4 |     1 ||    12
 Stab: Sleeping          |     2 |     3 |     4 |     6 |       ||    15
       Distracted        |       |       |       |     1 |       ||     1
       Invisible         |       |       |       |     8 |       ||     8
  Eat: Chunk             |    17 |    13 |    36 |    64 |    16 ||   146
Armor: Robe              |    55 |    38 |    44 |   129 |    36 ||   302
       Skin              |       |       |       |    37 |       ||    37
       Swamp dragon scal |       |       |       |       |    16 ||    16
Dodge: Dodged            |    75 |    46 |    76 |   241 |   146 ||   584
Block: Other             |       |       |     8 |    20 |       ||    28

Table legend:
 A = Kills in this place as a percentage of kills in entire the game.
 B = Kills by you in this place as a percentage of kills by you in the entire game.
 C = Kills by friends in this place as a percentage of kills by friends in the entire game.
 D = Other kills in this place as a percentage of other kills in the entire game.
 E = Experience gained in this place as a percentage of experience gained in the entire game.
 F = Experience gained in this place divided by the number of levels of this place that you have seen.
                   A       B       C       D       E      F
               +-------+-------+-------+-------+-------+----------------------
         Total | 100.0 | 100.0 |  -nan | 100.0 | 100.0 | 3328.9
       Dungeon |  72.0 |  72.2 |  -nan |   0.0 |  35.6 | 1723.4
          Lair |  28.0 |  27.8 |  -nan | 100.0 |  64.4 | 6861.0
               +-------+-------+-------+-------+-------+----------------------

Table legend:
 A = Turns spent in this place as a percentage of turns spent in the entire game.
 B = Non-inter-level travel turns spent in this place as a percentage of non-inter-level travel turns spent in the entire game.
 C = Inter-level travel turns spent in this place as a percentage of turns spent in this place.
 D = Turns resting spent in this place as a percentage of non-inter-level travel turns spent in this place.
 E = Turns spent auto-exploring this place as a percentage of non-inter-level travel turns spent in this place.
 F = Non-inter-level travel turns spent in this place divided by the number of levels of this place that you've seen.
                   A       B       C       D       E      F
               +-------+-------+-------+-------+-------+----------------------
         Total | 100.0 | 100.0 |   0.7 |   4.8 |   9.9 | 285.3
       Dungeon |  70.8 |  70.8 |   0.7 |   4.1 |  10.8 | 293.7
          Lair |  29.2 |  29.2 |   0.7 |   6.4 |   7.5 | 266.8
               +-------+-------+-------+-------+-------+----------------------

Vault maps used:
D:1:      eino_arrival_druids_welcome
D:2:      marbit_many_paths
D:3:      minmay_wonky_spiral, nicolae_overflow_hidden_temple,
          fiery_altar_vehumet, old_standard_altar,
          nicolae_gozag_zags_fifth_avenue, uniq_jessica
D:4:      okawaru_gym_becter, kennysheep_little_box, minmay_mini_ossuary,
          uniq_edmund
D:5:      kennysheep_mini_moat, minmay_temple_entry_junction, first_bread,
          minmay_misc_feat_tiny, uniq_pikel, uniq_sigmund, uniq_eustachio,
          uniq_ijyb, uniq_crazy_yiuf_cottage
D:6:      fedhas_altar_4, lemuel_doored_altar
D:7:      old_standard_altar
D:8:      old_standard_altar
D:9:      david_nohive_1
D:10:     due_lair_maze_entry_diamond, minmay_misc_feat_secret_circle
D:11:     orc_david_3
Lair:1:   infiniplex_staircase_pool_2, grunt_megastairs_5
Lair:2:   grunt_megastairs_2
Lair:3:   elwin_shoals_entry_stream
Lair:4:   onia_ninara_swampy_vault, spider_nest_entry_funnel_web, uniq_kirke,
          uniq_rupert
Lair:5:   serial_bayou_shore_b, lemuel_fruit_tree
